[ AOE2 MATCH · #506483227 ]
UnrankedVikings vs Spanish
Player's team · LOSS
Rival team · WIN
[ REPLAY ANALYSIS · EXTRACTED FROM THE RECORDED GAME ]
Feudal
11:04
Castle
—
Imperial
—
| APM avg | 50.8 |
| APM peak | 73 |
| eAPM avg | 29.2 |
| Villagers / military | 32 / 6 |
Focus
⚔️ 40.4% · 🌾 59.6%
Fishing Ship ×10 · Transport Ship ×6 · Unknown (2626) ×4
Feudal
10:24
Castle
14:19
Imperial
—
| APM avg | 31.8 |
| APM peak | 53 |
| eAPM avg | 18.3 |
| Villagers / military | 25 / 4 |
Focus
⚔️ 31.6% · 🌾 68.4%
Conquistador ×4 · Fishing Ship ×4 · Unknown (2626) ×4
Match map
Initial resources + every placement click. Lines = walls · curves = elevation contours. ◆ gold · ⬟ stone · ● berries · ✦ relic · ◌ wall gap
Your base· Open — 7t gap
105er.Buttermilch's base· Open — 6t gap
Smoothed initial terrain · ◌ = detected wall gap · hover for details
Inputs per minute
— Joselu9710 - - 105er.Buttermilch
Build order — Joselu9710
88 actions detected in the replay
| 0:13 | Build | Town Center |
| 1:12 | Build | House |
| 1:13 | Build | House |
| 1:37 | Build | Palisade Gate |
| 2:01 | Queue | Villager (Male) |
| 2:01 | Queue | Villager (Male) |
| 2:02 | Queue | Villager (Male) |
| 2:02 | Queue | Villager (Male) |
| 2:02 | Queue | Villager (Male) |
| 3:07 | Build | Palisade Gate |
| 3:09 | Build | Palisade Wall |
| 3:36 | Build | House |
| 3:50 | Build | Palisade Wall |
| 3:57 | Build | Palisade Wall |
| 4:23 | Queue | Villager (Male) |
| 4:23 | Queue | Villager (Male) |
| 4:24 | Queue | Villager (Male) |
| 4:30 | Build | Dock |
| 5:27 | Queue | Fishing Ship |
| 5:27 | Queue | Transport Ship |
| 5:32 | Queue | Villager (Male) |
| 5:35 | Queue | Villager (Male) |
| 5:39 | Queue | Villager (Male) |
| 6:01 | Queue | Fishing Ship |
| 6:01 | Queue | Transport Ship |
| 6:04 | Queue | Transport Ship |
| 6:32 | Queue | Villager (Male) |
| 6:35 | Build | House |
| 6:42 | Queue | Fishing Ship |
| 6:42 | Queue | Transport Ship |
| 7:21 | Queue | Villager (Male) |
| 7:22 | Queue | Fishing Ship |
| 7:22 | Queue | Transport Ship |
| 7:38 | Queue | Villager (Male) |
| 7:41 | Queue | Fishing Ship |
| 8:14 | Queue | Villager (Male) |
| 8:19 | Build | House |
| 8:22 | Queue | Fishing Ship |
| 8:23 | Queue | Villager (Male) |
| 8:37 | Build | Lumber Camp |
| 8:54 | Research | Feudal Age |
| 8:54 | Research | Feudal Age |
| 9:34 | Build | Mining Camp |
| 9:41 | Queue | Villager (Male) |
| 9:56 | Research | Loom |
| 9:56 | Queue | Villager (Male) |
| 10:04 | Queue | Villager (Male) |
| 10:11 | Build | Dock |
| 10:33 | Build | Outpost |
| 10:40 | Queue | Fishing Ship |
| 10:54 | Build | House |
| 10:57 | Build | House |
| 11:04 | Age | Feudal Age |
| 11:07 | Queue | Unit 2626 |
| 11:11 | Queue | Unit 2626 |
| 11:25 | Queue | Villager (Male) |
| 11:39 | Queue | Unit 2626 |
| 11:40 | Queue | Unit 2626 |
| 11:41 | Queue | Villager (Male) |
| 11:48 | Build | Outpost |
| 11:51 | Research | Town Watch |
| 11:53 | Queue | Villager (Male) |
| 12:02 | Queue | Villager (Male) |
| 12:21 | Queue | Villager (Male) |
| 12:23 | Build | Mill |
| 12:44 | Queue | Villager (Male) |
| 12:57 | Queue | Fishing Ship |
| 12:57 | Queue | Fishing Ship |
| 13:11 | Build | Outpost |
| 13:30 | Build | Market |
| 13:35 | Queue | Villager (Male) |
| 13:44 | Queue | Fishing Ship |
| 13:50 | Build | House |
| 14:22 | Build | House |
| 14:48 | Queue | Villager (Male) |
| 15:21 | Build | Lumber Camp |
| 15:25 | Build | Stone Wall |
| 15:27 | Build | Stone Wall |
| 15:28 | Build | Stone Wall |
| 15:28 | Build | Stone Wall |
| 15:40 | Queue | Villager (Male) |
| 15:49 | Queue | Villager (Male) |
| 16:08 | Queue | Transport Ship |
| 16:12 | Queue | Villager (Male) |
| 16:21 | Queue | Villager (Male) |
| 16:25 | Build | Blacksmith |
| 16:27 | Build | Stone Wall |
| 16:33 | Queue | Villager (Male) |
Build order — 105er.Buttermilch
81 actions detected in the replay
| 0:04 | Build | Town Center |
| 0:07 | Build | House |
| 0:08 | Build | House |
| 0:10 | Build | House |
| 1:32 | Queue | Villager (Male) |
| 1:36 | Queue | Villager (Male) |
| 1:39 | Queue | Villager (Male) |
| 1:48 | Queue | Villager (Male) |
| 2:26 | Queue | Villager (Male) |
| 2:32 | Build | House |
| 2:53 | Queue | Villager (Male) |
| 3:07 | Build | House |
| 3:15 | Build | House |
| 3:21 | Queue | Villager (Male) |
| 3:27 | Build | House |
| 3:30 | Build | Palisade Wall |
| 3:33 | Build | Palisade Wall |
| 3:39 | Queue | Villager (Male) |
| 3:48 | Queue | Villager (Male) |
| 3:52 | Build | Dock |
| 4:14 | Queue | Villager (Male) |
| 4:21 | Build | House |
| 4:23 | Research | Loom |
| 4:24 | Queue | Villager (Male) |
| 4:40 | Queue | Villager (Male) |
| 4:43 | Build | Palisade Wall |
| 4:43 | Build | Palisade Wall |
| 4:43 | Build | Palisade Wall |
| 4:44 | Build | Palisade Wall |
| 4:45 | Build | Palisade Wall |
| 4:45 | Build | Palisade Wall |
| 4:52 | Queue | Fishing Ship |
| 5:02 | Queue | Villager (Male) |
| 5:04 | Queue | Villager (Male) |
| 5:18 | Queue | Fishing Ship |
| 5:42 | Build | House |
| 5:52 | Build | House |
| 6:27 | Build | House |
| 6:29 | Build | Palisade Wall |
| 6:29 | Build | Palisade Wall |
| 6:33 | Queue | Villager (Male) |
| 6:35 | Queue | Villager (Male) |
| 6:40 | Queue | Fishing Ship |
| 7:17 | Queue | Fishing Ship |
| 7:40 | Build | Mining Camp |
| 7:45 | Queue | Villager (Male) |
| 7:57 | Build | Palisade Wall |
| 7:58 | Build | Palisade Wall |
| 7:59 | Build | Palisade Wall |
| 8:14 | Research | Feudal Age |
| 8:37 | Build | House |
| 8:39 | Build | Palisade Wall |
| 9:18 | Queue | Villager (Male) |
| 9:19 | Queue | Villager (Male) |
| 10:24 | Age | Feudal Age |
| 10:25 | Build | Stone Wall |
| 10:27 | Build | Mill |
| 10:32 | Build | Blacksmith |
| 10:45 | Research | Town Watch |
| 10:51 | Build | Market |
| 10:57 | Queue | Villager (Male) |
| 11:20 | Build | Outpost |
| 11:36 | Research | Castle Age |
| 12:14 | Build | Lumber Camp |
| 12:49 | Queue | Unit 2626 |
| 13:09 | Queue | Unit 2626 |
| 13:50 | Queue | Unit 2626 |
| 14:12 | Queue | Villager (Male) |
| 14:19 | Age | Castle Age |
| 14:22 | Build | Castle |
| 14:34 | Research | Padded Archer Armor |
| 14:39 | Queue | Unit 2626 |
| 14:42 | Queue | Villager (Male) |
| 14:58 | Queue | Conquistador |
| 14:58 | Queue | Conquistador |
| 15:12 | Research | War Galley (upgrade) |
| 15:17 | Queue | Villager (Male) |
| 15:41 | Queue | Conquistador |
| 15:53 | Queue | Villager (Male) |
| 16:16 | Queue | Conquistador |
| 16:31 | Queue | Villager (Male) |
Match timeline
| 3:09 | Joselu9710 · wall_segment Palisade Wall x1 |
| 3:30 | 105er.Buttermilch · wall_segment Palisade Wall x1 |
| 3:33 | 105er.Buttermilch · wall_segment Palisade Wall x1 |
| 3:50 | Joselu9710 · wall_segment Palisade Wall x1 |
| 3:52 | 105er.Buttermilch · first_building Dock |
| 3:57 | Joselu9710 · wall_segment Palisade Wall x1 |
| 4:30 | Joselu9710 · first_building Dock |
| 4:43 | 105er.Buttermilch · wall_segment Palisade Wall x1 |
| 4:43 | 105er.Buttermilch · wall_segment Palisade Wall x1 |
| 4:43 | 105er.Buttermilch · wall_segment Palisade Wall x1 |
| 4:44 | 105er.Buttermilch · wall_segment Palisade Wall x1 |
| 4:45 | 105er.Buttermilch · wall_segment Palisade Wall x1 |
| 4:45 | 105er.Buttermilch · wall_segment Palisade Wall x1 |
| 6:29 | 105er.Buttermilch · wall_segment Palisade Wall x1 |
| 6:29 | 105er.Buttermilch · wall_segment Palisade Wall x1 |
| 7:57 | 105er.Buttermilch · wall_segment Palisade Wall x1 |
| 7:58 | 105er.Buttermilch · wall_segment Palisade Wall x1 |
| 7:59 | 105er.Buttermilch · wall_segment Palisade Wall x1 |
| 8:39 | 105er.Buttermilch · wall_segment Palisade Wall x1 |
| 10:24 | 105er.Buttermilch · age_up feudal |
| 10:25 | 105er.Buttermilch · wall_segment Stone Wall x1 |
| 11:04 | Joselu9710 · age_up feudal |
| 13:44 | 105er.Buttermilch · first_market_sell 100 food |
| 14:19 | 105er.Buttermilch · age_up castle |
| 14:22 | 105er.Buttermilch · first_building Castle |
| 14:40 | Joselu9710 · first_market_buy 100 food |
| 14:42 | Joselu9710 · first_market_sell 100 wood |
| 15:25 | Joselu9710 · wall_segment Stone Wall x1 |
| 15:27 | Joselu9710 · wall_segment Stone Wall x1 |
| 15:28 | Joselu9710 · wall_segment Stone Wall x1 |
| 15:28 | Joselu9710 · wall_segment Stone Wall x1 |
| 16:27 | Joselu9710 · wall_segment Stone Wall x4 |
| 16:37 | Joselu9710 · resign |
[ AI ANALYSIS · 1 CREDIT ]
What really happened in this match?
Wolo.gg analyzes every decision: build order, eco, micro, common mistakes by bracket. Personalized analysis on WhatsApp or Discord in 30 seconds.
Civ guide
Vikings
Perfil
Jugador #2871715